 Dungeon Crawl Stone Soup version 0.29.1-13-g9f3cf754e1 (webtiles) character file.

Game seed: 5813482688850093880

742 booth the Cleaver (level 7, -6/51 HPs)
             Began as a Gnoll Wanderer on Jan 31, 2023.
             Was an Initiate of Ashenzari.
             Mangled by a gnoll
             ... wielding a +0 club
             ... led by a gnoll sergeant
              (8 damage)
             ... on level 5 of the Dungeon on Feb 1, 2023.
             The game lasted 00:43:44 (5745 turns).

booth the Cleaver (Gnoll Wanderer)                  Turns: 5745, Time: 00:43:44

Health: -6/51      AC:  6    Str: 14    XL:     7   Next: 76%
Magic:  14/15      EV: 11    Int: 12    God:    Ashenzari [......]
Gold:   182        SH:  6    Dex: 10    Spells: 11/17 levels left

rFire   . . .      SeeInvis .   a - +2 hand axe
rCold   + . .      Faith    .   b - +1 buckler
rNeg    + . .      Spirit   .   s - +2 leather armour {Will+}
rPois   .          Reflect  .   m - +0 hat
rElec   .          Harm     .   x - +0 cloak
rCorr   .          Rampage  .   (no gloves)
Will    +....                   (no boots)
Stlth   ++........              (no amulet)
HPRegen 0.17/turn               l - ring "Oracular Repose" {rN+, Bglg, Comp} (curse)
MPRegen 0.14/turn               q - ring of protection from cold

@: no status effects
A: fangs 1, strong nose, distributed training
a: Renounce Religion, Shatter the Chains


You were on level 5 of the Dungeon.
You worshipped Ashenzari.
Ashenzari was noncommittal.
You visited 1 branch of the dungeon, and saw 5 of its levels.

You collected 240 gold pieces.
You spent 58 gold pieces at shops.

Inventory:

Hand Weapons
 a - a +2 hand axe (weapon)
 c - a +0 flail
 d - a +2 short sword of venom
 r - a +0 mace
Missiles
 n - 6 javelins
 p - 6 boomerangs
 w - 4 curare-tipped darts
Armour
 b - a +1 buckler (worn)
 h - a +1 ring mail of cold resistance
 m - a +0 hat (worn)
 s - a +2 leather armour of willpower (worn)
 x - a +0 cloak (worn)
Jewellery
 l - the cursed ring "Oracular Repose" (left hand) {rN+, Bglg, Comp}
   (You found it on level 3 of the Dungeon)

   [ring of positive energy]

   rN:        It protects you from negative energy.
   It has a curse which improves the following skills: Beguiling: Conjurations,
   Hexes and Translocations.
   Companions: Summonings and Necromancy.
 q - a ring of protection from cold (right hand)
Wands
 t - a wand of flame (13)
Scrolls
 g - a scroll of fog
 i - a scroll of silence
Potions
 e - a potion of lignification
 f - a potion of attraction
 k - a potion of magic {unknown}
 o - a potion of brilliance {unknown}
 u - a potion of ambrosia {unknown}
 v - a potion of mutation {unknown}


   Skills:
 + Level 2.8 Fighting
 + Level 2.8 Short Blades
 + Level 2.8 Long Blades
 + Level 10.8 Axes
 + Level 2.8 Maces & Flails
 + Level 2.8 Polearms
 + Level 2.8 Staves
 + Level 2.8 Ranged Weapons
 + Level 2.8 Throwing
 + Level 2.8 Armour
 + Level 2.8 Dodging
 + Level 2.8 Stealth
 + Level 5.4 Shields
 + Level 2.8 Unarmed Combat
 + Level 5.8 Spellcasting
 + Level 2.3(2.6) Conjurations
 + Level 2.3(2.6) Hexes
 + Level 2.3(2.6) Summonings
 + Level 3.2(3.6) Necromancy
 + Level 2.3(2.6) Translocations
 + Level 2.3 Transmutations
 + Level 2.3 Fire Magic
 + Level 2.3 Ice Magic
 + Level 2.3 Air Magic
 + Level 2.3 Earth Magic
 + Level 2.3 Poison Magic
 + Level 3.1 Invocations
 + Level 2.8 Evocations


You had 11 spell levels left.
You knew the following spells:

 Your Spells              Type           Power      Damage    Failure   Level
a - Necrotise             Necr           48%        1d6       7%          1
b - Magic Dart            Conj           36%        1d4       10%         1
c - Blink                 Tloc           18%        N/A       16%         2
d - Call Imp              Summ           9%         N/A       16%         2

Your spell library contained the following spells:

 Spells                   Type           Power      Damage    Failure   Level
 Vampiric Draining        Necr           12%        2d6       21%         3
 Lesser Beckoning         Tloc           9%         N/A       30%         3
 Mephitic Cloud           Conj/Pois/Air  9%         N/A       32%         3
 Iskenderun's Battlesphe  Conj           9%         2d6       95%         5
 Manifold Assault         Tloc           9%         N/A       95%         5
 Iron Shot                Conj/Erth      4%         9d2       100%        6
 Spellforged Servitor     Conj/Summ      4%         N/A       100%        7


Dungeon Overview and Level Annotations

Branches:
Dungeon (5/15)
 Temple: D:4-7

Altars:
Ashenzari
Cheibriados
Dithmenos
Kikubaaqudgha
Makhleb
The Shining One

Shops:
D:1 *   D:2 :   D:4 *


Innate Abilities, Weirdness & Mutations

You have very sharp teeth.
Your uncanny sense of smell can sniff out nearby items.
Your experience applies equally to all skills.


Message History

You kill the gnoll!
The gnoll sergeant hits you with a +0 spear.
You hit the gnoll sergeant.
You bite the gnoll sergeant, but do no damage.
The gnoll sergeant is lightly wounded.
You hit the gnoll.
You hit the gnoll sergeant but do no damage.
You bite the gnoll sergeant.
The gnoll sergeant is lightly wounded.
You barely miss the gnoll. The gnoll hits you but does no damage.
The gnoll sergeant hits you with a +0 spear.
* * * LOW HITPOINT WARNING * * *
Casting: Necrotise (safe; 7% risk of failure)
Confirm with . or Enter, or press ? or * to list all spells.
Aiming: Necrotise (safe; 7% risk of failure)
Press: ? - help, Shift-Dir - straight line, f - gnoll sergeant
Aim: a gnoll sergeant, wielding a +0 spear and wearing a +0 scale mail (lightly wounded, chance to affect: 67%)
The gnoll sergeant writhes in agony.
You block the gnoll's attack. The gnoll sergeant closely misses you.
You hit the gnoll sergeant. Your bite misses the gnoll sergeant.
The gnoll sergeant is moderately wounded.
You hit the gnoll but do no damage. The gnoll hits you with a +0 club.
* * * LOW HITPOINT WARNING * * *
The gnoll sergeant hits you with a +0 spear!
* * * LOW HITPOINT WARNING * * *
You feel better. The gnoll hits you but does no damage.
The gnoll sergeant hits you with a +0 spear.
* * * LOW HITPOINT WARNING * * *
Okay, then.
You completely miss the gnoll sergeant. You bite the gnoll sergeant.
The gnoll sergeant is heavily wounded.
You completely miss the gnoll. The gnoll hits you but does no damage.
The gnoll sergeant barely misses you.
You closely miss the gnoll sergeant.
The gnoll sergeant is heavily wounded.
You hit the gnoll.
The gnoll sergeant hits you with a +0 spear!
* * * LOW HITPOINT WARNING * * *
The gnoll hits you with a +0 club!
You die...

... ..## ########### ...#
#.........##
..####.######...##
.....#.#.# #....# # #.
#g...#.#.# ##..## .#.
#gg..#.#.# #..PP# .#. ∆
#@####.#.# ##P..# # ..
#.)......# ##.##
#.#.#########..###...#
##.# #.#.........#..#
#...# #.##
.#.#.........#.######..##
##.#
.......<.............>.#
#.##
##.#..#........#####...#
##)## #.
#.#......######.### #...#
# #.####............#
#...#


You could see a gnoll sergeant and 2 gnolls.

Vanquished Creatures
  2 ogres
  A bullfrog (D:3)
  2 scorpions (D:4)
  2 howler monkeys (D:4)
  Crazy Yiuf (D:5)
  A gnoll bouda (D:4)
  Ijyb (D:3)
  11 gnolls
  2 adders
  5 worms
  3 dart slugs
  3 orcs
  10 endoplasms
  7 giant cockroaches
  7 goblins
  9 hobgoblins
  9 jackals
  4 kobolds
  5 quokkas
  7 ball pythons
  6 bats
  3 frilled lizards
  7 rats
108 creatures vanquished.

Vanquished Creatures (collateral kills)
  A frilled lizard (D:3)
1 creature vanquished.

Vanquished Creatures (others)
  2 plants (D:4)
2 creatures vanquished.

Grand Total: 111 creatures vanquished

Notes
Turn   | Place    | Note
-------+----------+-------------------------------------------
     0 | D:1      | Reached skill level 10 in Axes
     0 | D:1      | booth the Gnoll Wanderer began the quest for the Orb.
     0 | D:1      | booth set off with the following items: a +2 hand axe, a +0
                  | buckler, a scroll of fear, a +0 leather armour; and the
                  | following spell memorised: Necrotise; and the following
                  | spells available to memorise: Vampiric Draining.
     0 | D:1      | Reached XP level 1. HP: 13/13 MP: 6/6
    28 | D:1      | You fall into a shaft and drop 1 floor!
   169 | D:2      | Reached XP level 2. HP: 19/19 MP: 7/7
   250 | D:2      | Found Tohoevy's Book Shop.
   542 | D:1      | Found Inujuzy's Assorted Antiques.
   587 | D:1      | Reached skill level 5 in Spellcasting
   587 | D:1      | Reached XP level 3. HP: 23/25 MP: 7/9
   625 | D:1      | Found a faded altar of an unknown god.
   774 | D:1      | Reached skill level 1 in Invocations
   782 | D:1      | Found a shadowy altar of Dithmenos.
  1018 | D:1      | Reached skill level 1 in Fighting
  1018 | D:1      | Reached skill level 1 in Short Blades
  1018 | D:1      | Reached skill level 1 in Long Blades
  1018 | D:1      | Reached skill level 1 in Maces & Flails
  1018 | D:1      | Reached skill level 1 in Polearms
  1018 | D:1      | Reached skill level 1 in Staves
  1018 | D:1      | Reached skill level 1 in Ranged Weapons
  1018 | D:1      | Reached skill level 1 in Throwing
  1018 | D:1      | Reached skill level 1 in Armour
  1018 | D:1      | Reached skill level 1 in Dodging
  1018 | D:1      | Reached skill level 1 in Stealth
  1018 | D:1      | Reached skill level 1 in Unarmed Combat
  1018 | D:1      | Reached skill level 1 in Evocations
  1671 | D:2      | Reached XP level 4. HP: 27/32 MP: 11/11
  2277 | D:2      | Reached skill level 1 in Conjurations
  2277 | D:2      | Reached skill level 1 in Hexes
  2277 | D:2      | Reached skill level 1 in Summonings
  2277 | D:2      | Reached skill level 1 in Translocations
  2277 | D:2      | Reached skill level 1 in Transmutations
  2277 | D:2      | Reached skill level 1 in Fire Magic
  2277 | D:2      | Reached skill level 1 in Ice Magic
  2277 | D:2      | Reached skill level 1 in Air Magic
  2277 | D:2      | Reached skill level 1 in Earth Magic
  2277 | D:2      | Reached skill level 1 in Poison Magic
  2378 | D:3      | Found a snail-covered altar of Cheibriados.
  2422 | D:3      | Noticed a bullfrog
  2435 | D:3      | Killed a bullfrog
  2436 | D:3      | Reached XP level 5. HP: 37/37 MP: 10/12
  2439 | D:3      | Learned a level 1 spell: Magic Dart
  2762 | D:3      | Noticed an ogre
  2769 | D:3      | Killed an ogre
  2770 | D:3      | Reached XP level 6. HP: 44/44 MP: 10/13
  3062 | D:3      | Noticed Ijyb
  3095 | D:3      | Killed Ijyb
  3096 | D:3      | Reached skill level 5 in Shields
  3676 | D:3      | Found a broken altar of Ashenzari.
  3705 | D:3      | Became a worshipper of Ashenzari the Shackled
  4059 | D:4      | Found a burning altar of Makhleb.
  4336 | D:4      | Found Yhosin's Assorted Antiques.
  4350 | D:4      | Bought a scroll of identify for 58 gold pieces
  4398 | D:4      | Reached XP level 7. HP: 29/50 MP: 15/15
  4528 | D:4      | Learned a level 2 spell: Blink
  4532 | D:4      | Found an ancient bone altar of Kikubaaqudgha.
  4924 | D:4      | Learned a level 2 spell: Call Imp
  5002 | D:4      | Found a glowing golden altar of the Shining One.
  5464 | D:5      | Entered Level 5 of the Dungeon
  5515 | D:5      | Found a runed translucent door.
  5516 | D:5      | Noticed Crazy Yiuf
  5523 | D:5      | Killed Crazy Yiuf
  5745 | D:5      | HP: 2/51 [gnoll sergeant/+0 spear (7)]
  5745 | D:5      | Mangled by a gnoll

Illustrated notes

Levels and vault maps discovered:
D:1:      dpeg_arrival_water_altar, layout_loops_ring, serial_shops, shop,
          shapermc_ecumenical_altar_starsandcircs, minmay_misc_feat_nine_boxes
D:2:      layout_basic, serial_shops, shop, small_statue_intersection,
          minmay_misc_feat_ornament
D:3:      minmay_inner_zag, layout_rooms, lemuel_crystal_altar,
          lemuel_coloured_pillars_altar, nrook_mini_vaults, saegor_snake_ambush,
          uniq_ijyb
D:4:      layout_loops_corners, old_standard_altar,
          mainiacjoe_overflow_boulevard, kennysheep_mini_moat, serial_shops,
          nicolae_shop_advertising_works [nicolae_subvault_shop_adworks]
D:5:      layout_basic, okawaru_ov_weapons_minmay, cheibrodos_sewer_entry_bend,
          hex_large, uniq_crazy_yiuf_cottage, uniq_sigmund

Skill      XL: |  1  2  3  4  5  6  7 |
---------------+----------------------+-----
Axes           | | 10.8
Necromancy     | 2 3 |  3.2
Spellcasting   | 5 |  5.8
Invocations    | 1 2 3 |  3.1
Fighting       | 1 2 |  2.8
Short Blades   | 1 2 |  2.8
Long Blades    | 1 2 |  2.8
Maces & Flails | 1 2 |  2.8
Polearms       | 1 2 |  2.8
Staves         | 1 2 |  2.8
Ranged Weapons | 1 2 |  2.8
Throwing       | 1 2 |  2.8
Armour         | 1 2 |  2.8
Dodging        | 1 2 |  2.8
Stealth        | 1 2 |  2.8
Unarmed Combat | 1 2 |  2.8
Evocations     | 1 2 |  2.8
Conjurations   | 1 2 |  2.3
Hexes          | 1 2 |  2.3
Summonings     | 1 2 |  2.3
Translocations | 1 2 |  2.3
Transmutations | 1 2 |  2.3
Fire Magic     | 1 2 |  2.3
Ice Magic      | 1 2 |  2.3
Air Magic      | 1 2 |  2.3
Earth Magic    | 1 2 |  2.3
Poison Magic   | 1 2 |  2.3
Shields        | 5 |  5.4

Action                   |  1- 3 |  4- 6 |  7- 9 || total
-------------------------+-------+-------+-------++-------
Melee: Hand axe          |   112 |   187 |    60 ||   359
       Bite              |     8 |    24 |    10 ||    42
Throw: Javelin           |       |     3 |       ||     3
       Boomerang         |       |     1 |       ||     1
 Cast: Necrotise         |    10 |    23 |     9 ||    42
Invok: Curse Item        |       |       |     1 ||     1
  Use: Scroll            |     3 |     4 |       ||     7
       Potion            |     2 |     1 |     2 ||     5
 Stab: Sleeping          |       |     1 |       ||     1
Armor: Leather armour    |    21 |    33 |    11 ||    65
Dodge: Dodged            |    34 |    62 |    20 ||   116
Block: Buckler           |    15 |    36 |    11 ||    62
